 Dungeon Crawl Stone Soup version 0.27-a0-1149-g4505690ab0 (webtiles) character file.

Game seed: 5744426452892772498

60629 daftaero the Warrior (level 14, -3/201 (202) HPs)
             Began as a Minotaur Berserker on May 13, 2021.
             Was the Champion of Trog.
             Slain by an elephant simulacrum (26 damage)
             ... animated by a necromancer
             ... on level 6 of the Lair of Beasts.
             The game lasted 00:51:37 (19608 turns).

daftaero the Warrior (Minotaur Berserker)          Turns: 19608, Time: 00:51:38

HP:   -3/201 (202)  AC: 22    Str: 26    XL:     14   Next: 57%
MP:   13/13         EV: 14    Int:  4    God:    Trog [******]
Gold: 1623          SH:  5    Dex: 13    Spells: 13/13 levels left

rFire    . . .     SeeInvis .   G - +2 flail (drain)
rCold    . . .     Faith    .   S - +0 buckler
rNeg     . . .     Spirit   .   H - +2 chain mail {rPois}
rPois    +         Reflect  .   (helmet restricted)
rElec    .         Harm     .   A - +2 cloak {Will+}
rCorr    .         Rampage  .   (no gloves)
Will     ++...                  W - +2 pair of boots of Paeg {Dex+2}
Stlth    ..........             q - amulet of regeneration
HPRegen  1.43/turn              X - ring "Jesmoakk" {+Blink rPois EV+4}
MPRegen  0.13/turn              E - ring of flight

@: berserking, flying, lightly drained, very quick
A: horns 2, retaliatory headbutt
a: Renounce Religion, Evoke Blink, Berserk, Trog's Hand, Brothers in Arms


You were on level 6 of the Lair of Beasts.
You worshipped Trog.
Trog was exalted by your worship.
You visited 3 branches of the dungeon, and saw 21 of its levels.
You also visited: Sewer and Gauntlet.

You collected 1623 gold pieces.

Inventory:

Hand Weapons
 o - the +4 great mace of Activism {vorpal, +Blink +Rage Int-3 Dex+5}
   (Trog gifted it to you on level 7 of the Dungeon)

   It inflicts extra damage upon your enemies.
   It affects your intelligence (-3).
   It affects your dexterity (+5).
   It lets you blink.
   It lets you go berserk.
 G - a +2 flail of draining (weapon)
 I - a +7 vorpal bardiche
 R - the +11 fustibalus of Sloth {vorpal, Will+}
   (You acquired it on level 1 of the Lair of Beasts)

   Any stone fired from it inflicts extra damage.
   It increases your willpower.
 Y - the +3 hand axe "Ingudiz" {vorpal, rC++ rCorr Int+7}
   (You took it off a minotaur in a Gauntlet)

   It inflicts extra damage upon your enemies.
   It affects your intelligence (+7).
   It greatly protects you from cold.
   It protects you from acid and corrosion.
Missiles
 u - a throwing net
 w - 494 stones
 O - 31 poisoned darts (quivered)
 T - 23 sling bullets
 Z - 12 silver javelins
Armour
 A - a +2 cloak of willpower (worn)
 H - a +2 chain mail of poison resistance (worn)
 K - a +0 plate armour
 S - a +0 buckler (worn)
 W - the +2 pair of boots of Paeg (worn) {Dex+2}
   (You found it in a Gauntlet)

   It affects your dexterity (+2).
Jewellery
 q - an amulet of regeneration (around neck)
 v - an amulet of reflection
 E - a ring of flight (right hand)
 Q - an amulet of the acrobat
 X - the ring "Jesmoakk" (left hand) {+Blink rPois EV+4}
   (You found it in a Gauntlet)

   [ring of evasion]

   It affects your evasion (+4).
   It protects you from poison.
   It lets you blink.
Wands
 x - a wand of paralysis (5)
 y - a wand of iceblast (35)
 C - a wand of acid (14)
 D - a wand of flame (87)
 U - a wand of charming (11)
Scrolls
 b - 15 scrolls of identify
 d - 5 scrolls of immolation
 e - 2 scrolls of enchant weapon
 l - a scroll of holy word
 J - 3 scrolls of fear
 L - 6 scrolls of teleportation
 P - a scroll of enchant armour
Potions
 c - 4 potions of cancellation
 f - 3 potions of berserk rage
 h - 7 potions of lignification
 i - 3 potions of invisibility
 j - a potion of ambrosia {unknown}
 k - 2 potions of magic
 m - 7 potions of heal wounds
 n - 5 potions of curing
 p - 5 potions of mutation {unknown}
 r - 2 potions of flight {unknown}
 t - 6 potions of haste {unknown}
 z - a potion of degeneration {unknown}
 B - 5 potions of resistance
 N - 2 potions of might
 V - 3 potions of attraction {unknown}


   Skills:
 + Level 15.1 Fighting
 + Level 15.1 Maces & Flails
 + Level 11.2 Slings
 + Level 14.6 Armour
 - Level 2.1 Dodging
 - Level 1.0 Stealth
 - Level 6.0 Shields
 + Level 7.3 Evocations


You had 13 spell levels left.
You didn't know any spells.
Your spell library was empty.

Dungeon Overview and Level Annotations

Branches:
Dungeon (14/15)            Temple (1/1) D:5            Lair (6/6) D:11
 Shoals (0/4) Lair:4       Spider (0/4) Lair:2          Orc (0/2) D:10
  Sewer (visited)         Gauntlet (visited)
  Slime: Lair:5-6    Vaults: D:13-14

Altars:
Ashenzari
Cheibriados
Dithmenos
Elyvilon
Fedhas
Gozag
Hepliaklqana
Kikubaaqudgha
Makhleb
Nemelex Xobeh
Okawaru
Qazlal
Ru
Sif Muna
Trog
Uskayaw
Vehumet
Wu Jian
Xom
Yredelemnul
Zin
The Shining One

Shops:
D:3 !   D:4 (   D:12 ?

Annotations:
D:11 2 transporters, benadryl's ghost, journeyman TrHu


Innate Abilities, Weirdness & Mutations

You have a pair of horns on your head.
You reflexively headbutt those who attack you in melee.


Message History

Unknown command.
You barely miss something. You headbutt something!
Something hits you but does no damage.
Your chain mail prevents you from hitting something.
You headbutt something! The elephant simulacrum tramples you.
The elephant simulacrum freezes you!!
* * * LOW HITPOINT WARNING * * *
You block the elephant simulacrum's attack.
The death yak simulacrum barely misses you.
You barely miss something.
You hear some strange, mumbled words.
A bolt of negative energy appears from out of thin air!
The bolt of negative energy hits you.
You feel drained.
* * * LOW HITPOINT WARNING * * *
The bolt of negative energy hits the elephant simulacrum.
The elephant simulacrum completely resists.
You barely miss something. You headbutt something! Trog accepts your kill.
Trog appreciates your killing of a magic user.
Reactivating autopickup.
You feel a bit more experienced.
You hit the elephant.
The elephant is severely wounded.
The elephant simulacrum tramples you but does no damage.
The elephant simulacrum trunk-slaps you.
* * * LOW HITPOINT WARNING * * *
The elephant simulacrum freezes you!
* * * LOW HITPOINT WARNING * * *
The death yak simulacrum barely misses you.
You furiously retaliate!
You headbutt the death yak simulacrum! You thump the elephant!
The elephant is almost dead.
The elephant barely misses you. The elephant closely misses you.
You sock the elephant!
You kill the elephant!
Trog accepts your kill. The elephant simulacrum tramples you!
* * * LOW HITPOINT WARNING * * *
The elephant simulacrum freezes you!!
You die...

. ..8 ##PPP##8...8##≈ #...#
+....8#}$...'≈≈ #...####
#...$[#)$..pY≈
#P...####.YYY$#8YYZ8# .
####Z)@Z#PYYY8###### ..
####Z###pY###8P8## ..##
#♣♣♣##...#####8P⌠P8### ...##
##♣P..P###..............
...P♣♣###♣.P.....♣########'''####
.....................♣...........
P.........P#.....P..♣♣♣.##...#..#
P.###..##.##..P.P#.####.#...#.###
#.P##P.##.#..PP.P.#.....#.......#


You could see a death yak simulacrum and 2 elephant simulacra.

Vanquished Creatures
  A minotaur (Gauntlet)
  Harold (D:7)
  A hell beast (Gauntlet)
  8 hydras
  A great orb of eyes (Gauntlet)
  6 two-headed ogres
  3 centaur warriors (D:13)
  A tengu warrior (D:13)
  2 death yaks (Lair:6)
  Urug (D:10)
  Nergalle (D:10)
  A wizard (D:10)
  2 necromancers (Lair:6)
  A cyclops (D:11)
  A manticore (Lair:4)
  8 ugly things
  8 elephants (Lair:6)
  3 black mambas
  Joseph (D:8)
  A gargoyle (D:10)
  A torpor snail (Lair:5)
  14 cane toads
  4 rime drakes
  2 minotaur zombies (Gauntlet)
  2 kobold demonologists
  3 tengu conjurers (D:13)
  5 komodo dragons
  A wind drake (Lair:4)
  A hornet (D:10)
  A polar bear (Lair:5)
  3 trolls
  18 blink frogs
  5 slime creatures (D:13)
  23 dream sheep
  Sigmund (D:4)
  2 redbacks (Lair:2)
  A shadow (D:10)
  Eustachio (D:4)
  6 wyverns
  5 basilisks
  35 yaks
  2 humans (D:9)
  A steam dragon (D:8)
  2 two-headed ogre zombies (D:10)
  12 water moccasins
  3 acid dragons
  Duvessa (D:6)
  A hell hound (Gauntlet)
  5 orc warriors
  4 black bears
  2 hornet zombies
  2 ice beasts
  3 centaurs
  24 wolves
  2 phantoms (D:10)
  3 kobold brigands
  10 bullfrogs
  A gnoll sergeant (D:9)
  2 wyvern zombies (D:7)
  2 scorpions (D:5)
  Dowan (D:6)
  A water moccasin zombie (D:6)
  A troll zombie (D:10)
  3 howler monkeys
  An electric eel (Lair:3)
  A crimson imp (D:11)
  2 bullfrog zombies
  A centaur zombie (D:9)
  3 hounds
  A centaur skeleton (D:6)
  A gnoll shaman (D:7)
  4 orc priests
  2 bullfrog skeletons
  An iguana (D:6)
  5 hell rats (Lair:5)
  19 orc wizards
  5 ogre zombies (D:10)
  2 howler monkey zombies
  9 adders
  24 gnolls
  11 river rats
  A white imp (D:5)
  2 ufetubi
  An adder skeleton (D:4)
  2 worms
  3 dart slugs
  62 orcs
  9 ball pythons
  4 bats
  5 endoplasms
  5 giant cockroaches
  4 hobgoblins
  17 jackals
  26 kobolds
  3 quokkas
  4 frilled lizards
  A goblin skeleton (D:10)
  4 goblin zombies (D:10)
  2 hobgoblin zombies (D:10)
  4 orc skeletons (D:10)
  14 orc zombies (D:10)
  19 rats
558 creatures vanquished.

Vanquished Creatures (others)
  35 fungi
  40 plants
  14 withered plants (Lair:6)
89 creatures vanquished.

Grand Total: 647 creatures vanquished

Notes
Turn   | Place    | Note
-------+----------+-------------------------------------------
     0 | D:1      | daftaero the Minotaur Berserker began the quest for the
                  | Orb.
     0 | D:1      | Reached XP level 1. HP: 19/19 MP: 0/0
    38 | D:1      | Reached XP level 2. HP: 18/27 MP: 1/1
   759 | D:1      | Found a faded altar of an unknown god.
   964 | D:2      | Reached XP level 3. HP: 33/34 MP: 2/2
  1078 | D:2      | HP: 1/34 [frozen (3)]
  1082 | D:2      | Reached ** piety under Trog
  1718 | D:3      | Reached XP level 4. HP: 33/41 MP: 3/3
  1815 | D:3      | Found Jidarchya's Distillery.
  1840 | D:3      | Reached skill level 5 in Fighting
  1850 | D:3      | Found a glowing drain.
  1866 | D:3      | Reached skill level 5 in Maces & Flails
  2013 | Sewer    | Entered a sewer
  2083 | Sewer    | Noticed a kobold brigand
  2089 | Sewer    | Killed a kobold brigand
  2090 | Sewer    | Reached XP level 5. HP: 50/50 MP: 4/4
  2248 | Sewer    | Reached *** piety under Trog
  2302 | Sewer    | Reached XP level 6. HP: 32/57 MP: 5/5
  3437 | D:4      | Reached **** piety under Trog
  3645 | D:4      | Reached XP level 7. HP: 32/64 MP: 6/6
  3990 | D:4      | Found Geurei's Weapon Shop.
  4001 | D:4      | Noticed Eustachio
  4032 | D:4      | Killed Eustachio
  4033 | D:4      | Reached skill level 1 in Slings
  4033 | D:4      | Reached skill level 5 in Armour
  4179 | D:4      | Noticed Sigmund
  4211 | D:4      | Killed Sigmund
  4495 | D:4      | Reached ***** piety under Trog
  4697 | D:4      | Reached XP level 8. HP: 63/73 MP: 7/7
  4981 | D:5      | Entered Level 5 of the Dungeon
  5136 | D:5      | Found an ornate altar of the Wu Jian Council.
  5248 | D:5      | Found a staircase to the Ecumenical Temple.
  5979 | Temple   | Entered the Ecumenical Temple
  6536 | D:6      | Noticed Duvessa
  6538 | D:6      | Noticed Dowan
  6548 | D:6      | Killed Duvessa
  6557 | D:6      | Killed Dowan
  7216 | D:7      | Reached XP level 9. HP: 82/82 MP: 8/8
  7612 | D:7      | Reached skill level 5 in Slings
  7809 | D:7      | Noticed a troll
  7819 | D:7      | Identified the +4 great mace of Activism {vorpal, +Blink
                  | +Rage Int-3 Dex+5} (Trog gifted it to you on level 7 of the
                  | Dungeon)
  7819 | D:7      | Received a gift from Trog
  7827 | D:7      | Killed a troll
  8458 | D:7      | Noticed Harold
  8469 | D:7      | Killed Harold
  8723 | D:8      | Noticed Joseph
  8770 | D:8      | Killed Joseph
  8771 | D:8      | Reached skill level 10 in Fighting
  8771 | D:8      | Reached skill level 10 in Maces & Flails
  8771 | D:8      | Reached XP level 10. HP: 11/93 MP: 9/9
  8772 | D:8      | HP: 3/139 [yak (8)]
  9399 | D:8      | Identified a scroll of acquirement
  9399 | D:8      | Acquired an amulet of regeneration
  9618 | D:8      | Found a bloodstained altar of Trog.
  9692 | D:8      | Noticed a two-headed ogre
  9697 | D:8      | Killed a two-headed ogre
  9773 | D:8      | Found a white marble altar of Elyvilon.
  9773 | D:8      | Found a snail-covered altar of Cheibriados.
  9782 | D:8      | Found a faded altar of an unknown god.
  9784 | D:8      | Found a faded altar of an unknown god.
  9786 | D:8      | Found a glowing golden altar of the Shining One.
  9992 | D:9      | Found an iron altar of Okawaru.
 10312 | D:9      | Noticed a two-headed ogre
 10316 | D:9      | Reached skill level 10 in Armour
 10338 | D:9      | Killed a two-headed ogre
 10383 | D:9      | Reached XP level 11. HP: 97/102 MP: 10/10
 10627 | D:10     | Entered Level 10 of the Dungeon
 10878 | D:10     | Found a staircase to the Orcish Mines.
 11000 | D:10     | Paralysed by a hornet for 3 turns
 11068 | D:10     | Noticed Urug
 11087 | D:10     | Killed Urug
 11684 | D:11     | Noticed Nergalle
 11699 | D:10     | Killed Nergalle
 11833 | D:11     | Noticed a two-headed ogre
 11839 | D:11     | Killed a two-headed ogre
 11931 | D:11     | Noticed a wizard
 11941 | D:11     | Received a gift from Trog
 11955 | D:10     | Killed a wizard
 12008 | D:11     | Noticed a two-headed ogre
 12018 | D:11     | Killed a two-headed ogre
 12033 | D:11     | Reached skill level 1 in Stealth
 12131 | D:11     | Found a staircase to the Lair.
 12149 | D:11     | Noticed a purple ugly thing
 12159 | D:11     | Killed a purple ugly thing
 12160 | D:11     | Reached XP level 12. HP: 100/113 MP: 11/11
 12300 | D:11     | Noticed a two-headed ogre
 12304 | D:11     | Noticed benadryl's ghost (journeyman TrHu)
 12309 | D:11     | Noticed a two-headed ogre
 12311 | D:11     | Killed a two-headed ogre
 12312 | D:11     | Reached skill level 10 in Slings
 12314 | D:11     | Noticed a two-headed ogre
 12319 | D:11     | Noticed a tengu warrior
 12320 | D:11     | Found a transporter.
 12321 | D:11     | Found a bloodstained altar of Trog.
 12340 | D:11     | Found a transporter.
 12623 | D:12     | Noticed a seven-headed hydra
 12632 | D:12     | Killed a seven-headed hydra
 12633 | D:12     | Reached skill level 1 in Evocations
 12736 | D:12     | Found Zika's Magic Scroll Emporium.
 12970 | D:12     | Noticed a two-headed ogre
 12980 | D:12     | Killed a two-headed ogre
 13261 | D:13     | Noticed a four-headed hydra
 13272 | D:13     | Killed a four-headed hydra
 13273 | D:13     | Noticed a centaur warrior
 13284 | D:13     | Killed a centaur warrior
 13374 | D:13     | Noticed a centaur warrior
 13384 | D:13     | Killed a centaur warrior
 13742 | D:13     | Reached skill level 1 in Shields
 13815 | D:13     | Noticed a tengu warrior
 13849 | D:13     | Killed a tengu warrior
 13898 | D:13     | Noticed a centaur warrior
 13908 | D:13     | Killed a centaur warrior
 14041 | D:13     | Identified the +0 leather armour "Sifo" {rPois Str+4}
 14411 | Lair:1   | Entered Level 1 of the Lair of Beasts
 14500 | Lair:1   | Reached XP level 13. HP: 111/122 MP: 12/12
 15084 | Lair:1   | Acquired the +11 fustibalus of Sloth {vorpal, Will+}
 15209 | Lair:2   | Found a dark tunnel.
 15236 | Lair:2   | Found a hole to the Spider Nest.
 15326 | Lair:2   | Reached ****** piety under Trog
 15369 | Lair:2   | Identified the +3 trident of the Onslaught {flame, rC-
                  | Str+4}
 16031 | Lair:3   | Reached skill level 5 in Evocations
 16096 | Lair:3   | Found a gate leading to a gauntlet.
 16106 | Lair:3   | Reached skill level 5 in Shields
 16114 | Gauntlet | Entered a Gauntlet
 16114 | Gauntlet | Found a transporter.
 16126 | Gauntlet | Found a transporter.
 16146 | Gauntlet | Found a transporter.
 16150 | Gauntlet | Found a transporter.
 16177 | Gauntlet | Found a transporter.
 16193 | Gauntlet | Found a transporter.
 16208 | Gauntlet | Found a transporter.
 16244 | Gauntlet | Found a transporter.
 16251 | Gauntlet | Found a transporter.
 16274 | Gauntlet | Found a transporter.
 16277 | Gauntlet | Found a transporter.
 16279 | Gauntlet | Found a transporter.
 16387 | Gauntlet | Identified the +2 pair of boots of Paeg {Dex+2}
 16456 | Gauntlet | Identified the ring "Jesmoakk" {+Blink rPois EV+4}
 16515 | Gauntlet | Identified the +3 hand axe "Ingudiz" {vorpal, rC++ rCorr
                  | Int+7}
 16515 | Gauntlet | Noticed a minotaur
 16529 | Gauntlet | Killed a minotaur
 16715 | Lair:3   | Found a stormy altar of Qazlal.
 17591 | Lair:4   | Received a gift from Trog
 17797 | Lair:4   | Found a staircase to the Shoals.
 18109 | Lair:5   | Reached XP level 14. HP: 123/133 MP: 13/13
 18903 | Lair:6   | Entered Level 6 of the Lair of Beasts
 19457 | Lair:6   | Reached skill level 15 in Fighting
 19472 | Lair:6   | Reached skill level 15 in Maces & Flails
 19592 | Lair:6   | Received a gift from Trog
 19608 | Lair:6   | Slain by an elephant simulacrum

Illustrated notes

Levels and vault maps discovered:
D:1:      ebering_trefoil_3fold, layout_loops_ring,
          chequers_ecumenical_altar_simple
D:2:      layout_rooms
D:3:      layout_rooms, serial_shops, shop, portal_sewer_entry_c
D:4:      lemuel_castle_with_subvaults [lemuel_castle_interior_carwin_1],
          layout_basic, serial_shops, shop, uniq_sigmund, uniq_eustachio
D:5:      layout_basic, nzn_wu_jian_contemplation, minmay_temple_entry_fiery,
          st_stairs_2, minmay_tree_intersection
D:6:      layout_basic, uniq_duvessa
D:7:      layout_basic, kennysheep_generic_room_11, uniq_harold
D:8:      layout_loops_ring, chequers_temple_overflow_minitemple,
          lemuel_round_altar, uniq_joseph
D:9:      layout_gridville, okawaru_humans
D:10:     layout_loops_cross, zombieorc2_lemuel, kennysheep_doodads, uniq_urug
D:11:     layout_basic, grunt_lair_entry_orc_guard_hut,
          gammafunk_ghost_wrathful_warriors, lightli_wizard_tower, uniq_nergalle
D:12:     layout_rooms, serial_shops, shop, grunt_decor_clamped,
          hangedman_decor_riveting
D:13:     layout_long_grid, roderic_cross_of_infinity, skrybe_limestone_x,
          corexii_hall_statues_t
D:14:     layout_loops_ring, skrybe_vaults_entry_preservation,
          nicolae_trove_entry_isolated, gammafunk_ghost_cemetery,
          minmay_misc_feat_tiny, david_defended_altar_orc
Temple:   eino_temple_rhombus
Lair:1:   layout_chaotic_city
Lair:2:   layout_loops_ring, spider_nest_entry_webs,
          nicolae_volcano_entry_hallway
Lair:3:   layout_roguey, basic_altar, gauntlet_entry_generic,
          infiniplex_staircase_pool, grunt_megastairs_3, serial_bayou_shore_a
Lair:4:   layout_roguey, minmay_shoals_entry_beasts,
          chequers_serial_rivers_marsh, serial_bayou_shore_b
Lair:5:   layout_regular_city
Lair:6:   due_jungle_book, layout_small_grid, slime_dummy

Skill      XL: |  1  2  3  4  5  6  7  8  9 10 11 12 13 14 |
---------------+-------------------------------------------+-----
Fighting       | 4 5 6 7 8 10 11 12 13 14 15 | 15.1
Maces & Flails | 4 5 6 7 8 10 11 12 13 14 15 | 15.1
Armour         | 3 4 5 7 8 10 11 13 14 | 14.6
Slings         | 2 4 6 8 9 10 11 | 11.2
Stealth        | 1 |  1.0
Evocations     | 4 6 7 |  7.3
Shields        | 3 6 |  6.0
Dodging        | |  2.1

Action                   |  1- 3 |  4- 6 |  7- 9 | 10-12 | 13-15 || total
-------------------------+-------+-------+-------+-------+-------++-------
Melee: Mace              |    76 |   168 |   245 |       |       ||   489
       Headbutt          |    13 |    28 |    82 |   156 |   187 ||   466
       Flail             |       |       |    49 |   562 |   619 ||  1230
 Fire: Hunting sling     |       |       |       |     2 |       ||     2
       Fustibalus        |       |       |       |       |    26 ||    26
Throw: Throwing net      |       |       |       |    10 |       ||    10
       Dart              |       |       |       |    36 |    25 ||    61
       Stone             |       |       |       |     7 |       ||     7
Invok: Berserk           |     1 |     1 |     4 |     4 |     4 ||    14
  Use: Scroll            |     1 |     7 |       |    10 |     2 ||    20
       Potion            |       |     5 |       |       |       ||     5
 Stab: Held in net/web   |       |       |       |     2 |       ||     2
Armor: Animal skin       |     7 |       |       |       |       ||     7
       Chain mail        |    28 |    92 |   182 |   295 |   290 ||   887
Dodge: Dodged            |    48 |   100 |   132 |   201 |   306 ||   787
Block: Buckler           |       |       |       |    15 |   136 ||   151

Table legend: (Time is in decaauts)
 A = Elapsed time spent in this place.
 B = Non-inter-level travel time spent in this place.
 C = Inter-level travel time spent in this place.
 D = Time resting spent in this place.
 E = Time spent auto-exploring this place.
 F = Levels seen in this place.
 G = Mean time per level.
                   A        B        C        D        E       F      G
               +--------+--------+--------+--------+--------+-----+--------+
         Total |  19498 |  18866 |    632 |   1159 |  12735 |  23 |  847.7 |
       Dungeon |  13374 |  12859 |    515 |   1085 |   8970 |  14 |  955.3 |
        Temple |    190 |    180 |     10 |      0 |    180 |   1 |  190.0 |
          Lair |   4515 |   4409 |    106 |     20 |   2844 |   6 |  752.5 |
         Sewer |    892 |    892 |      0 |     53 |    520 |   1 |  892.0 |
      Gauntlet |    524 |    524 |      0 |      0 |    220 |   1 |  524.0 |
               +--------+--------+--------+--------+--------+-----+--------+

Top non-repeatable levels by time:
     D:4: 1861 daAuts
     D:7: 1407 daAuts
     D:8: 1326 daAuts
     D:1: 1109 daAuts
    D:10: 1094 daAuts
    D:13: 1081 daAuts
     D:5: 1063 daAuts
     D:6: 966 daAuts
  Lair:5: 918 daAuts
  Lair:3: 896 daAuts
   Sewer: 892 daAuts
    D:11: 881 daAuts
  Lair:2: 827 daAuts
     D:3: 767 daAuts
     D:9: 697 daAuts
